 Dungeon Crawl Stone Soup version 0.16.1-51-g6203257 (webtiles) character file.

1088 ImaNewbie the Cleaver (level 8, 0/58 HPs)
             Began as a Formicid Fighter on July 29, 2015.
             Slain by a gnoll
             ... wielding a +1 halberd of chopping
              (2 damage)
             ... on level 5 of the Dungeon.
             The game lasted 00:22:22 (6007 turns).

ImaNewbie the Cleaver (Formicid Fighter)            Turns: 6007, Time: 00:22:22

Health: 0/58       AC:  8    Str: 20    XL:     8   Next: 56%
Magic:  11/11      EV:  7    Int:  9    God:
Gold:   158        SH: 10    Dex: 12    Spells: 0 memorised, 7 levels left

rFire  . . .     SeeInvis +     a - +0 war axe
rCold  . . .     Clarity  .     s - +0 scale mail
rNeg   . . .     SustAb   .     c - +1 shield
rPois  .         Gourm    .     (helmet unavailable)
rElec  .         Spirit   .     q - +0 cloak
rCorr  .         Warding  .     (no gloves)
rMut   .         Stasis   +     (no boots)
MR     .....                    (no amulet)
Stlth  ..........               (no ring)
                                g - ring of flight

@: not resistant to hostile enchantments, extremely unstealthy
A: permanent stasis, dig shafts and tunnels, four strong arms, antennae 3
a: Dig, Shaft Self, Evoke Flight


You were on level 5 of the Dungeon.
You were hungry.

You visited 2 branches of the dungeon, and saw 6 of its levels.

You collected 278 gold pieces.
You spent 120 gold pieces at shops.

Inventory:

Hand weapons
 a - a +0 war axe (weapon)
 b - a +0 blowgun
Missiles
 t - 8 curare-tipped needles
Armour
 c - a +1 shield (worn)
 q - a +0 cloak (worn)
 s - a +0 scale mail (worn)
Jewellery
 g - a ring of flight (left hand)
 n - the ring of Benevolence {Wiz rElec rPois rF- SInv Stlth+}
   (You bought it in a shop on level 5 of the Dungeon)

   [ring of wizardry]

   It improves your spell success rate.
   It makes you vulnerable to fire.
   It insulates you from electricity.
   It protects you from poison.
   It enhances your eyesight.
   It makes you more stealthy.
Scrolls
 f - 4 scrolls of identify
 o - 2 scrolls of amnesia
 p - 2 scrolls of blinking
Potions
 e - 5 potions of might
 j - 2 potions of curing
 u - 3 potions of agility
 v - 2 potions of poison {unknown}
Books
 i - a book of Beasts

   Spells                             Type                      Level
   a - Summon Butterflies             Summoning                    1
   b - Call Canine Familiar           Summoning                    3
   c - Summon Ice Beast               Ice/Summoning                4
   d - Summon Mana Viper              Hexes/Summoning              5
   e - Monstrous Menagerie            Summoning                    6
   f - Summon Hydra                   Summoning                    7
 m - Sif Muna's Handbook of Stones
   (You found it on level 4 of the Dungeon)

   Spells                             Type                      Level
   a - Sandblast                      Earth                        1
Comestibles
 d - 4 bread rations
 l - 3 beef jerkies
 r - a slice of pizza


   Skills:
 - Level 3.2 Fighting
 + Level 9.7 Axes
 - Level 3.2 Armour
 - Level 3.6 Shields


You had 7 spell levels left.
You didn't know any spells.

Dungeon Overview and Level Annotations

Branches:
Dungeon (5/15)             Temple (1/1) D:5

Altars:
Cheibriados
Fedhas
Gozag
Kikubaaqudgha
Makhleb
Nemelex Xobeh
Okawaru
Ru
Sif Muna
Vehumet
The Shining One

Shops:
D:5 *}


Innate Abilities, Weirdness & Mutations

You are under a permanent stasis effect.
You can dig through walls and to a lower floor.
Your four strong arms can wield two-handed weapons with a shield.
You have a pair of large antennae on your head (SInv).


Message History

The gnoll is lightly wounded.
You slash the gnoll!
The gnoll is heavily wounded.
The gnoll hits you with a halberd of chopping!
All of the chunks of flesh in your inventory have rotted away.
Your shield and scale mail prevent you from hitting the gnoll.
The gnoll is heavily wounded.
The gnoll hits you with a halberd of chopping.
Your shield prevents you from hitting the gnoll.
The gnoll is heavily wounded.
You block the gnoll's attack.
You closely miss the gnoll.
The gnoll is heavily wounded.
The gnoll hits you with a halberd of chopping!
* * * LOW HITPOINT WARNING * * *
x2 Your shield and scale mail prevent you from hitting the gnoll.
The gnoll is heavily wounded.
The gnoll hits you with a halberd of chopping.
* * * LOW HITPOINT WARNING * * *
You die...

#.# #.# #..#..#..#).+..
#.# #.# #..#[.####..#..
#.#
##.#####..####P.#..###
#.#
#......####.....####..
#.#
#.....................
#.#
#...####..##.#..####.#
#.#
##..[.....##<#.#####.)
..#
##.######.##.#......##
###
#....@g...##.######.##
#..######.##.# #...##
#..######.##.# #.####
#.........{..# #.# #
#...####.[...# #.# #
#...###{.....# #.# #
#....###....#####.####
#.#>.####.#.###.....#>
###.#..†...∩))..........


You could see a gnoll.

Vanquished Creatures
  2 phantoms (D:4)
  Duvessa (D:5)
  A centaur (D:4)
  3 crimson imps
  2 orc priests
  Dowan (D:5)
  A jelly (D:5)
  2 worker ants
  5 orc wizards
  Ijyb (D:2)
  7 gnolls
  12 adders
  2 worms
  An adder skeleton (D:4)
  4 giant geckos
  2 oozes
  10 orcs
  13 bats
  6 giant cockroaches
  20 hobgoblins
  4 jackals (D:5)
  16 kobolds
  3 quokkas
  A giant gecko skeleton (D:5)
  5 giant newts
  18 goblins
  10 rats
153 creatures vanquished.

Vanquished Creatures (others)
  A hobgoblin (D:5)
1 creature vanquished.

Grand Total: 154 creatures vanquished

Notes
Turn   | Place    | Note
--------------------------------------------------------------
     0 | D:1      | ImaNewbie, the Formicid Fighter, began the quest for the Orb.
     0 | D:1      | Reached XP level 1. HP: 18/18 MP: 1/1
   153 | D:1      | Reached XP level 2. HP: 24/24 MP: 3/3
   594 | D:1      | Reached XP level 3. HP: 29/29 MP: 4/4
   949 | D:2      | Reached skill level 4 in Axes
   949 | D:2      | Reached XP level 4. HP: 27/35 MP: 5/5
  1207 | D:2      | Found a sparkling altar of Nemelex Xobeh.
  1414 | D:2      | Noticed Ijyb
  1436 | D:2      | Killed Ijyb
  1436 | D:2      | Reached XP level 5. HP: 31/41 MP: 7/7
  1546 | D:2      | Reached skill level 5 in Axes
  1625 | D:2      | Found a blossoming altar of Fedhas.
  2044 | D:3      | Reached XP level 6. HP: 37/47 MP: 8/8
  2204 | D:3      | Reached skill level 6 in Axes
  2724 | D:3      | Found a burning altar of Makhleb.
  2993 | D:4      | Reached skill level 7 in Axes
  2993 | D:4      | Reached XP level 7. HP: 14/52 MP: 9/9
  3661 | D:4      | Found an opulent altar of Gozag.
  3661 | D:4      | Found an iron altar of Okawaru.
  3722 | D:4      | Reached skill level 8 in Axes
  3782 | D:4      | Found a snail-covered altar of Cheibriados.
  4346 | D:4      | Reached XP level 8. HP: 58/58 MP: 11/11
  4660 | D:4      | Found a deep blue altar of Sif Muna.
  4685 | D:4      | Identified Sif Muna's Handbook of Stones
  4765 | D:5      | Entered Level 5 of the Dungeon
  4799 | D:5      | Found Baz Fid's Assorted Antiques.
  4829 | D:5      | Found a staircase to the Ecumenical Temple.
  4837 | D:5      | Reached skill level 9 in Axes
  4854 | Temple   | Entered the Ecumenical Temple
  4956 | D:5      | Bought a crude iron ring for 120 gold pieces
  4956 | D:5      | Identified the ring of Benevolence {Wiz rElec rPois rF- SInv Stlth+} (You bought it in a shop on level 5 of the Dungeon)
  5133 | D:5      | Found Fapeheh's Gadget Boutique.
  5481 | D:5      | Noticed Dowan
  5482 | D:5      | Noticed Duvessa
  5511 | D:5      | Killed Dowan
  5638 | D:5      | Killed Duvessa
  6007 | D:5      | HP: 2/58 [gnoll/halberd of chopping (6)]
  6007 | D:5      | Slain by a gnoll

Action                   |  1- 3 |  4- 6 |  7- 9 || total
-------------------------+-------+-------+-------++-------
Melee: War axe           |   100 |   241 |   280 ||   621
 Abil: Evoke Flight      |       |       |     1 ||     1
  Use: Potion            |       |     7 |       ||     7
       Scroll            |       |     4 |     5 ||     9
  Eat: Chunk             |       |     7 |    10 ||    17
